 Dungeon Crawl Stone Soup version 0.02-207-g49f19f9342 (webtiles) character file.

Game seed: 11542779184227217961, levelgen mode: deterministic

1954 Lanoc the Fighter (level 8, -1/117 HPs) Magenta Draconian Demonspawn. Began on Dec 4, 2020. Was a Follower of Bahamut & Tiamat. Slain by an orc warrior ... wielding a +0 war axe (7 damage) ... in a bailey. The game lasted 00:14:51 (2997 turns).

Lanoc the Fighter (Magenta Draconian Demonspawn)    Turns: 2997, Time: 00:14:51

Health: -1/117     AC: 29    Str: 20    XL:     8 ^: 6
Magic:  12/12      EV:  2    Int: 18    God:    Bahamut & Tiamat [1* [49]]
Gold:   3001       SH:  0    Dex: 17    Spells: 11/12 levels left

rFire    . . .     Vision   .   a - +0 long sword
rCold    . . .     Gourm    .   (no weapon)
rNeg     + + +     Faith    .   (armour unavailable)
rPois    +         Spirit   .   (helmet currently unavailable)
rElec    .         Reflect  .   (cloak currently unavailable)
rCorr    .         Harm     .   (gloves currently unavailable)
MR       +....     NoTele   +   (boots currently unavailable)
Stlth    +++++.....             (no amulet)
HPRegen  0.49/turn              d - ring of intelligence
MPRegen  0.22/turn              g - ring of protection

@: tree-form, hasted, very quick
A: (no body armour), unfitting armour, thin skeletal structure 2, magic
resistance 1, nightstalker 2, strong 2, AC +7
a: Renounce Religion


You were in a bailey.
You worshipped Bahamut & Tiamat.
Bahamut & Tiamat was aware of your devotion.
You were hungry.
You were a tree.
You visited 1 branch of the dungeon, and saw 4 of its levels.
You also visited: Bailey.

You collected 3037 gold pieces.
You spent 36 gold pieces at shops.

Inventory:

Weapons
 a - a +0 long sword (weapon)
Jewellery
 d - a ring of intelligence (left branch)
 g - a ring of protection (right branch)
Comestibles
 c - 7 rations
 h - a chunk of flesh


   Skills:
 + Level 9.4 Fighting
 - Level 1.5 Long Blades
 + Level 6.8 Dodging
 - Level 1.3 Stealth
 - Level 2.6 Spellcasting
 - Level 3.0 Invocations


You had 11 spell levels left.
You knew the following spells:

 Your Spells              Type           Power        Failure   Level  Hunger
a - Flame Tongue          Fire           2 (30)       17%         1    #......

Your spell library contained the following spells:

 Spells                   Type           Power        Failure   Level  Hunger
 Beastly Appendage        Tmut           2 (50)       17%         1    #......
 Blink                    Tloc           N/A          26%         2    ##.....
 Call Imp                 Summ           2 (100)      26%         2    ##.....
 Slow                     Hex            2 (100)      26%         2    ##.....
 Conjure Flame            Fire           2 (100)      45%         3    ###....
 Mephitic Cloud           Pois/Air       2 (100)      45%         3    ###....


Dungeon Overview and Level Annotations

Branches:
Dungeon (4/8)              Temple (0/1) D:4          Bailey (1/1)

Altars:
Bahamut & Tiamat
Sif Muna

Shops:
D:3 *

Annotations:
D:3 Dowan, Duvessa


Innate Abilities, Weirdness & Mutations

You cannot fit into any form of body armour.
((Your hazy amethyst scales are hard. (AC +7)))
((You can breathe clouds of thick fog.))
((You have a pair of small horns on your head.))
You have a moderately thin skeletal structure. (Dex +4, Stealth+)
You are significantly more attuned to the shadows.
((You are cold-blooded and may be slowed by cold attacks.))
((You are in touch with the powers of charms.))
((Your hazy amethyst scales passively repel missiles. (rMsl)))
You are resistant to hostile enchantments. (MR+)
You are very strong. (Str +4)


Message History

You kill the goblin!
Bahamut & Tiamat accept your kill.
You hit the orc warrior but do no damage.
You smack the orc warrior (8)!
The orc warrior is moderately wounded. (17/26) HP You hear a distant "Zot"!
The orc warrior hits you but does no damage.
You hit the orc warrior but do no damage. x2
The orc warrior is moderately wounded. (17/26) HP The orc warrior hits you but does no damage.
You closely miss the orc warrior. You hit the orc warrior (3).
The orc warrior is heavily wounded. (14/26) HP The orc warrior hits you but does no damage.
You hit the orc warrior (4).
You hit the orc warrior but do no damage.
The orc warrior is heavily wounded. (11/26) HP You barely miss the orc warrior.
You hit the orc warrior (6).
The orc warrior is almost dead. (5/26) HP The orc warrior hits you with a +0 war axe (7)!
You die...

≈≈≈ #..#o#..#ggg.#####'
≈≈≈.#..#.#..#.o..##..).
≈≈≈.#'##g##+#o...##..).
≈≈≈∩#.).∩...#._..##.oK)
≈≈≈.#'##.##+#....##....
≈≈≈.#..#.#..#g.o.##....
;≈≈.#..#.#..#....#####'
≈≈≈.#o)#.#))#.o..#.....
≈≈≈.#)♣#.#))#....#..K..
≈≈###### #####.....4.##
≈≈ '.8.8.8.# .#.......#
###'#######


You could see an orc warrior.

Vanquished Creatures
  Grinder (D:3)
  A slime creature (D:2)
  A phantom (D:3)
  A water moccasin (D:2)
  An orc warrior (Bailey)
  A porcupine (D:4)
  2 ogres (D:3)
  4 bullfrogs
  An electric eel (Bailey)
  2 hounds
  2 jellies
  3 orc wizards
  5 worker ants (D:3)
  A wyvern skeleton (D:3)
  8 giant cockroaches
  A porcupine skeleton (D:3)
  7 adders
  14 sewer rats (D:2)
  5 cinder newts
  4 worms
  8 oozes
  A dart slug (D:1)
  5 leopard geckos
  12 orcs
  5 bats
  2 cinder newt skeletons (D:2)
  10 goblins
  6 hobgoblins
  2 jackals (D:3)
  4 kobolds (D:1)
  A quokka (D:3)
  A ball python (D:2)
  A bat skeleton (D:2)
  A goblin skeleton (D:2)
  A leopard gecko skeleton (D:2)
  5 rats (D:1)
130 creatures vanquished.

Vanquished Creatures (others)
  6 giant cockroaches (D:2)
  An adder (D:2)
  4 sewer rats (D:2)
  An ooze (D:2)
  A goblin (Bailey)
  A hobgoblin (Bailey)
  70 withered plants (D:2)
84 creatures vanquished.

Grand Total: 214 creatures vanquished

Notes
Turn   | Place    | Note
-------+----------+-------------------------------------------
     0 | D:1      | Lanoc the Immature Draconian Demonspawn began the quest for
                  | the Orb.
     0 | D:1      | Reached XP level 1. HP: 18/18 MP: 4/4
   101 | D:1      | Reached skill level 3 in Fighting
   101 | D:1      | Gained mutation: You have a somewhat thin skeletal
                  | structure. (Dex +2, Stealth) [demonic ancestry]
   101 | D:1      | Reached XP level 2. HP: 4/26 MP: 5/5
   123 | D:2      | Noticed a slime creature
   131 | D:1      | Gained mutation: You have a pair of small horns on your
                  | head. [demonic ancestry]
   131 | D:1      | Reached XP level 3. HP: 12/31 MP: 4/7
   283 | D:2      | Reached XP level 4. HP: 40/40 MP: 8/8
   289 | D:2      | Reached skill level 4 in Fighting
   390 | D:2      | Gained mutation: You have a moderately thin skeletal
                  | structure. (Dex +4, Stealth+) [demonic ancestry]
   390 | D:2      | Reached XP level 5. HP: 22/47 MP: 1/9
   399 | D:2      | Killed a slime creature
   399 | D:2      | Reached skill level 5 in Fighting
   399 | D:2      | Gained mutation: You are slightly more attuned to the
                  | shadows. [demonic ancestry]
   399 | D:2      | Reached XP level 6. HP: 14/56 MP: 2/10
   768 | D:2      | Noticed a water moccasin
   778 | D:2      | Killed a water moccasin
   778 | D:2      | Reached skill level 6 in Fighting
   884 | D:2      | Your scales start taking on a hazy amethyst colour.
   884 | D:2      | Reached XP level 7. HP: 62/63 MP: 11/11
   884 | D:2      | Gained mutation: Your hazy amethyst scales passively repel
                  | missiles. (rMsl) [Magenta Draconian growth]
   884 | D:2      | Gained mutation: You are in touch with the powers of
                  | charms. [Magenta Draconian growth]
  1026 | D:2      | Found a shimmering blue altar of Sif Muna.
  1051 | D:2      | Identified Sif Muna's Handbook of Transformation
  1336 | D:3      | Found Toupacvixokk's General Store.
  1336 | D:3      | Noticed Grinder
  1345 | D:3      | Reached skill level 5 in Dodging
  1473 | D:3      | Reached skill level 7 in Fighting
  1597 | D:3      | Identified a scroll of acquirement
  1648 | D:3      | Found an ornate altar of Bahamut and Tiamat.
  1654 | D:3      | Became a worshipper of Bahamut & Tiamat
  1707 | D:3      | Gained mutation: You are significantly more attuned to the
                  | shadows. [demonic ancestry]
  1707 | D:3      | Reached XP level 8. HP: 73/73 MP: 12/12
  1775 | D:3      | Reached skill level 8 in Fighting
  2126 | D:3      | Killed Grinder
  2129 | D:3      | Bought a scroll of teleportation for 36 gold pieces
  2363 | D:3      | Noticed Dowan
  2364 | D:3      | Noticed Duvessa
  2405 | D:4      | Found a staircase to the Ecumenical Temple.
  2500 | D:4      | Reached * piety under Bahamut & Tiamat
  2501 | D:4      | Reached skill level 9 in Fighting
  2604 | D:4      | Found a flagged portal.
  2610 | Bailey   | Entered a bailey
  2834 | Bailey   | Found an iron altar of Okawaru.
  2834 | Bailey   | Noticed a kobold demonologist
  2834 | Bailey   | Noticed an orc sorcerer
  2835 | Bailey   | Noticed a sun demon
  2843 | Bailey   | Noticed a rust devil
  2924 | Bailey   | Noticed a red devil
  2934 | Bailey   | Noticed an ice devil
  2937 | Bailey   | Identified the +2 ring mail of Disguise {rElec rN+ Int-3}
  2973 | Bailey   | Gained mutation: You are strong. (Str +2) [potion of
                  | mutation]
  2973 | Bailey   | Gained mutation: You are very strong. (Str +4) [potion of
                  | mutation]
  2973 | Bailey   | Gained mutation: You are resistant to hostile enchantments.
                  | (MR+) [potion of mutation]
  2991 | Bailey   | HP: 4/117 [orc warrior/+0 war axe (9)]
  2997 | Bailey   | Slain by an orc warrior

Levels and vault maps discovered:
D:1:      dpeg_arrival_rooms_b, layout_loops_cross, serial_forest,
          infiniplex_forest_lined_corner, infiniplex_forest_lined_room_2,
          infiniplex_forest_straight_2, infiniplex_forest_lined_room_2,
          infiniplex_forest_lined_room_2, portal_sewer_entry_a
D:2:      wander_river, layout_sewer, sewer_frog_spiral, first_ration,
          minivault_23, led_sif_book
D:3:      layout_basic, overflow_temple_1_default, serial_shops,
          nicolae_shop_statue_plus, uniq_duvessa, uniq_grinder
D:4:      layout_irregular_city, minmay_temple_entry_ruins, enter_bailey_2,
          blue_anna_alchemist [blue_anna_fruit_fields, blue_anna_fruit_fields]
Bailey:   bailey_axe_of_yendor_kennysheep, bailey

Skill      XL: |  1  2  3  4  5  6  7  8 |
---------------+-------------------------+-----
Fighting       | 3 4 5 6 7 9 |  9.4
Dodging        | 3 4 5 6 |  6.8
Long Blades    | |  1.5
Stealth        | |  1.3
Spellcasting   | |  2.6
Invocations    | |  3.0

Action                   |  1- 3 |  4- 6 |  7- 9 || total
-------------------------+-------+-------+-------++-------
Melee: Long sword        |    35 |    95 |   238 ||   368
       Unarmed           |    27 |    83 |   199 ||   309
       Tailslap          |     1 |    18 |    44 ||    63
       Headbutt          |     3 |    23 |    58 ||    84
 Cast: Flame Tongue      |     1 |    46 |    42 ||    89
Invok: Choose Tiamat's R |       |       |     1 ||     1
 Abil: Breathe Dart      |       |     1 |       ||     1
       Breathe Fog       |       |       |     4 ||     4
  Use: Potion            |       |     2 |     7 ||     9
       Scroll            |       |       |     2 ||     2
 Stab: Sleeping          |     1 |     4 |     9 ||    14
       Invisible         |       |     1 |       ||     1
       Distracted        |       |       |     1 ||     1
  Eat: Chunk             |       |     1 |     9 ||    10
Armor: Skin              |    10 |    35 |    74 ||   119
Dodge: Dodged            |    26 |   120 |   246 ||   392
       Deflected         |       |       |     3 ||     3
       Rpst.: Unarmed    |     7 |    41 |    77 ||   125
       Long sword        |     7 |    50 |    71 ||   128
